Map: [ESL] Gresvan

Players

Spatz

  • Race: Protoss Protoss
  • Spawn Location: 11:00

Krystianer - Winner!

  • Race: Protoss Protoss
  • Spawn Location: 5:00

Event: ESL SC2 Masters 2023 Summer (Regionals)

VOD

Have the link to the VOD?

Description

Time

  • Played on: May 13, 2023, 9:16 a.m.
  • Length: 9:45

All games in this series

Show
View Real Time Build Order
Export as new Build Order

Spatz Protoss 

Build Orders: Dark Templar Rush 

Get SALT Encoding   

  12  0:00  Probe  
  13  0:12  Probe  
  14  0:17  Pylon  
  14  0:24  Probe (Chrono Boost)  
  16  0:36  Probe (Chrono Boost)  
  16  0:38  Gateway  
  16  0:43  Probe (Chrono Boost)  
  16  0:45  Assimilator  
  17  0:51  Probe  
  17  0:54  Assimilator  
  18  1:03  Probe (Chrono Boost)  
  19  1:07  Gateway  
  20  1:12  Probe (Chrono Boost)  
  20  1:17  Probe (Chrono Boost)  
  20  1:24  Cybernetics Core  
  21  1:29  Probe  
  22  1:33  Pylon  
  22  1:41  Probe  
  23  1:53  Probe  
  24  2:00  Adept x2  
  24  2:01  Warp Gate (Chrono Boost)  
  28  2:05  Probe  
  29  2:09  Pylon  
  29  2:17  Probe  
  30  2:27  Shield Battery  
  30  2:30  Stalker x2  
  33  2:42  Twilight Council  
  33  3:00  Shield Battery  
  33  3:10  Nexus  
  33  3:14  Probe  
  33  3:18  Dark Shrine  
  34  3:26  Probe  
  35  3:34  Pylon  
  35  3:38  Probe  
  36  3:43  Shield Battery  
  36  3:50  Stalker  
  36  3:53  Probe  
  36  3:54  Stalker  
  41  4:06  Robotics Facility  
  41  4:16  Pylon  
  41  4:22  Gateway  
  41  4:29  Dark Templar  
  41  4:30  Dark Templar  
  43  4:31  Probe  
  43  4:35  Gateway  
  42  4:40  Shield Battery  
  42  4:50  Warp Prism (Chrono Boost)  
  44  5:02  Probe  
  45  5:12  Stalker  
  45  5:13  Stalker  
  45  5:14  Probe  
  46  5:24  Gateway  
  46  5:26  Probe  
  45  5:35  Stalker  
  45  5:36  Stalker  
  45  5:39  Probe (Chrono Boost)  
  50  5:44  Probe (Chrono Boost)  
  50  5:49  Probe (Chrono Boost)  
  52  5:51  Probe (Chrono Boost), Observer  
  54  5:57  Probe  
  54  6:01  Pylon  
  48  6:08  Probe (Chrono Boost)  
  46  6:12  Robotics Bay  
  46  6:15  Probe (Chrono Boost), Adept x2  
  51  6:24  Probe (Chrono Boost)  
  51  6:25  Probe (Chrono Boost)  
  52  6:29  Probe (Chrono Boost)  
  52  6:30  Probe (Chrono Boost)  
  55  6:40  Probe  
  55  6:42  Probe  
  55  6:45  Blink (Chrono Boost)  
  55  6:46  Pylon  
  56  6:52  Probe  
  57  6:54  Probe  
  57  6:58  Disruptor (Chrono Boost)  
  57  6:59  Adept  
  57  7:00  Adept  
  58  7:08  Pylon  
  61  7:10  Probe, Assimilator  
  62  7:16  Probe  
  62  7:22  Probe, Assimilator  
  64  7:24  Shield Battery  
  64  7:28  Probe  
  64  7:29  Disruptor  
  68  7:37  Stalker  
  68  7:38  Stalker  
  72  7:44  Pylon  
  72  7:55  Pylon  
  72  8:01  Pylon  
  72  8:07  Disruptor (Chrono Boost), Gateway x2  
  75  8:13  Probe  
  75  8:16  Probe  
  77  8:25  Probe  
  78  8:28  Probe, Stalker  
  78  8:33  Stalker  
  77  8:37  Probe  
  77  8:40  Probe  
  70  8:49  Probe  
  70  8:52  Probe  
  70  8:55  Stalker  
  72  8:59  Stalker  
  72  9:01  Probe  
  72  9:08  Disruptor  
  76  9:14  Stalker x2  
  79  9:22  Nexus  
  79  9:29  Dark Templar x2  
  83  9:37  Pylon  
  83  9:41  Pylon  
Show
View Real Time Build Order
Export as new Build Order

Krystianer Protoss - Winner!

Build Orders:  

Get SALT Encoding   

  12  0:00  Probe  
  13  0:12  Probe  
  14  0:16  Pylon  
  14  0:24  Probe (Chrono Boost)  
  16  0:36  Probe (Chrono Boost), Gateway  
  16  0:42  Probe (Chrono Boost)  
  16  0:45  Assimilator  
  17  0:50  Probe  
  17  0:54  Assimilator  
  18  1:03  Probe (Chrono Boost)  
  19  1:08  Gateway  
  20  1:12  Probe (Chrono Boost)  
  20  1:17  Probe (Chrono Boost)  
  20  1:23  Cybernetics Core  
  21  1:29  Probe  
  22  1:33  Pylon  
  22  1:38  Pylon  
  22  1:41  Probe  
  23  1:56  Probe  
  23  1:57  Warp Gate (Chrono Boost)  
  23  1:59  Adept x2  
  28  2:06  Shield Battery  
  28  2:11  Pylon  
  28  2:14  Probe  
  29  2:26  Probe  
  30  2:30  Adept x2  
  33  2:50  Nexus  
  33  2:59  Adept  
  33  3:03  Adept  
  37  3:06  Probe  
  38  3:13  Pylon  
  38  3:20  Shield Battery  
  38  3:21  Probe  
  39  3:33  Probe (Chrono Boost)  
  40  3:40  Adept  
  42  3:41  Adept  
  42  3:45  Probe (Chrono Boost)  
  42  3:48  Robotics Facility  
  45  3:53  Probe (Chrono Boost)  
  46  3:59  Probe  
  47  4:06  Stalker  
  49  4:10  Stalker  
  49  4:15  Probe (Chrono Boost)  
  52  4:19  Probe (Chrono Boost)  
  53  4:30  Probe (Chrono Boost)  
  53  4:31  Probe (Chrono Boost)  
  55  4:34  Sentry  
  55  4:35  Probe (Chrono Boost), Sentry  
  55  4:36  Observer  
  55  4:37  Probe  
  62  4:41  Pylon  
  62  4:44  Shield Battery  
  62  4:56  Immortal (Chrono Boost)  
  62  4:59  Probe x2  
  68  5:01  Pylon  
  61  5:11  Probe x2 (Chrono Boost)  
  58  5:23  Probe x2 (Chrono Boost)  
  58  5:24  Twilight Council  
  60  5:30  Probe x2 (Chrono Boost)  
  60  5:37  Probe  
  60  5:42  Stalker, Sentry  
  65  5:43  Probe  
  66  5:52  Immortal  
  66  5:54  Probe  
  66  5:55  Probe  
  68  6:04  Blink (Chrono Boost)  
  68  6:06  Probe  
  68  6:08  Probe  
  64  6:13  Assimilator  
  64  6:17  Stalker x2  
  68  6:29  Gateway  
  68  6:30  Probe, Gateway  
  68  6:31  Probe  
  70  6:42  Pylon  
  70  6:43  Stalker x2  
  72  6:48  Observer  
  73  6:59  Probe x2  
  75  7:07  Pylon  
  75  7:08  Stalker x2  
  75  7:10  Gateway  
  75  7:14  Probe  
  75  7:15  Gateway  
  79  7:27  Stalker x2  
  82  7:33  Stalker  
  82  7:34  Stalker  
  86  7:38  Pylon  
  86  7:51  Stalker x2  
  88  7:59  Nexus  
  88  8:07  Probe x2  
  88  8:08  Warp Prism (Chrono Boost)  
  92  8:19  Probe  
  92  8:29  Probe  
  92  8:33  Probe  
  92  8:41  Probe  
  91  8:45  Probe  
  92  8:51  Stalker x3  
  92  8:52  Stalker x2  
  92  8:53  Probe  
  99  8:57  Probe  
  99  9:00  Stalker  
  102  9:05  Observer  
  102  9:09  Forge  
  102  9:11  Probe  
  102  9:13  Shield Battery  
  102  9:15  Pylon  
  103  9:21  Probe, Assimilator  
  104  9:26  Gateway  
  104  9:29  Stalker x2  
  108  9:37  Gateway  
  108  9:41  Stalker x2  
Tags
 
Add a new tag
Caveats
  • Supply blocks, unpowered buildings, or Contaminate may cause inaccurate times.
  • Supply counts are checked every 10 seconds.